 Dungeon Crawl Stone Soup version 0.29.0-5-ge4962eb29e (webtiles) character file.

Game seed: 10771044930378057585

975 SigmundSlayer the Shield-Bearer (level 7, 0/60 HPs)
             Began as a Demigod Fighter on Aug 29, 2022.
             Engulfed by a cloud of poison gas (4 damage)
             ... on level 5 of the Dungeon.
             The game lasted 00:05:28 (5410 turns).

SigmundSlayer the Shield-Bearer (Demigod Fighter)   Turns: 5410, Time: 00:05:29

Health: 0/60       AC: 12    Str: 25    XL:     7   Next: 63%
Magic:  0/9        EV: 10    Int: 10    God:
Gold:   193        SH:  6    Dex: 13    Spells: 6/6 levels left

rFire   . . .      SeeInvis .   a - +0 flail
rCold   + + .      Faith    .   c - +1 buckler
rNeg    . . .      Spirit   +   i - +1 ring mail {rC+}
rPois   .          Reflect  .   (no helmet)
rElec   .          Harm     .   (no cloak)
rCorr   .          Rampage  .   (no gloves)
Will    .....                   f - +2 pair of boots
Stlth   +.........              b - amulet of guardian spirit
HPRegen 0.20/turn               g - ring of protection from cold
MPRegen 0.11/turn               (no ring)

@: lethally poisoned (0 -> -30)
A: high MP 1, forlorn, divine attributes, hooves 1, iridescent scales 1,
MP-powered wands
a: no special abilities


You were on level 5 of the Dungeon.
You visited 1 branch of the dungeon, and saw 6 of its levels.

You collected 193 gold pieces.

Inventory:

Hand Weapons
 a - a +0 flail (weapon)
Armour
 c - a +1 buckler (worn)
 f - a +2 pair of boots (worn)
 i - a +1 ring mail of cold resistance (worn)
Jewellery
 b - an amulet of guardian spirit (around neck)
 g - a ring of protection from cold (left hand)
Scrolls
 e - a scroll of teleportation
 h - a scroll of poison
 o - 2 scrolls of enchant armour
Potions
 d - 2 potions of cancellation
 p - a potion of resistance


   Skills:
 + Level 4.9 Fighting
 + Level 4.4 Maces & Flails
 + Level 4.9 Armour
 + Level 4.9 Shields


You had 6 spell levels left.
You didn't know any spells.
Your spell library contained the following spells:

 Spells                   Type           Power      Damage    Failure   Level
 Summon Small Mammal      Summ           0%         N/A       58%         1
 Ensorcelled Hibernation  Hex/Ice        0%         N/A       73%         2
 Passwall                 Tmut/Erth      0%         N/A       73%         2
 Call Canine Familiar     Summ           0%         N/A       91%         3
 Portal Projectile        Hex/Tloc       0%         N/A       91%         3
 Summon Guardian Golem    Hex/Summ       0%         N/A       91%         3
 Swiftness                Air            0%         N/A       91%         3
 Tukima's Dance           Hex            0%         N/A       91%         3
 Blade Hands              Tmut           0%         N/A       100%        5


Dungeon Overview and Level Annotations

Branches:
Dungeon (6/15)
 Temple: D:4-7

Shops:
D:4 *

Annotations:
D:5 Edmund


Innate Abilities, Weirdness & Mutations

You have an increased reservoir of magic. (+10% MP)
You shall have no god before yourself.
Your divine heritage dramatically boosts your attributes as you level up.
You have large cloven feet.
You are partially covered in iridescent scales. (AC +2)
You expend magic power (3 MP) to strengthen your wands.


Message History

Edmund is moderately wounded.
Edmund hits you with a +2 dire flail of protection.
You hit Edmund but do no damage.
Edmund is moderately wounded.
Edmund hits you with a +2 dire flail of protection!
* * * LOW HITPOINT WARNING * * *
You hit Edmund but do no damage.
Edmund is moderately wounded.
Edmund hits you but does no damage.
Okay, then.
Edmund attacks as you move away! Edmund barely misses you.
Edmund attacks as you move away! Edmund barely misses you.
Edmund attacks as you move away! You block Edmund's attack.
You block Edmund's attack. Edmund attacks as you move away!
You block Edmund's attack. Edmund attacks as you move away!
Edmund hits you but does no damage. Edmund attacks as you move away!
Edmund hits you with a +2 dire flail of protection.
* * * LOW HITPOINT WARNING * * *
There is a stone staircase leading up here.
You block Edmund's attack.
You climb upwards.
There is a stone staircase leading down here.
You see here a scroll of immolation.
Really read the scroll of poison?
The air fills with toxic fumes!
As you read the scroll of poison, it crumbles to dust.
Edmund mutters, "Who needs spells, anyway?"
Edmund closely misses you.
Really walk into that cloud of poison gas?
Edmund attacks as you move away!
Edmund hits you with a +2 dire flail of protection.
* * * LOW HITPOINT WARNING * * *
You are engulfed in poison gas.
You are lethally poisoned!
* * * LOW HITPOINT WARNING * * *
x2 You feel very sick.
You are engulfed in poison gas.
You are more poisoned.
You die...

.........####.#.§§§§.........##..
................§§§........#####.
......##.####..##§§........# #.
.....<##.## #.###§§.......## #.
.......#..###.###§#.......## #.
.......##...[..##?#####....#####.
####.#..####...##@# ##.#....##.
#.##........##§## ##.........
#.######.##..@§§## #..........
####.# ###.##.##§§§###.##.......
.....## #...##.##§#§§##.......#..
...(..###.####.##§##§#..#####....
.......##.####..§§§.§§.## ##..#..
................§##..§§.###......
.......#########.....##.##....##.
.......# #..#...#.##..#.##.
.....!.# #..#.........#.##.


You could see Edmund.

Vanquished Creatures
  The ghost of PieDemon the Digger, an amateur MeEE (D:4)
  2 ice beasts (D:5)
  An ogre (D:5)
  Blork the orc (D:5)
  A necrophage (D:5)
  2 scorpions
  A wyvern skeleton (D:4)
  A centaur zombie (D:4)
  A bullfrog skeleton (D:4)
  An orc priest (D:3)
  An orc wizard (D:3)
  3 gnolls (D:4)
  5 adders
  A white imp (D:5)
  An ufetubus (D:5)
  3 worms
  7 orcs
  4 ball pythons
  6 endoplasms
  3 giant cockroaches (D:1)
  5 goblins
  8 hobgoblins
  6 jackals
  4 quokkas
  4 bats
  3 frilled lizards
  7 kobolds
  5 rats
88 creatures vanquished.

Vanquished Creatures (others)
  A hobgoblin (D:3)
1 creature vanquished.

Grand Total: 89 creatures vanquished

Notes
Turn   | Place    | Note
-------+----------+-------------------------------------------
     0 | D:1      | SigmundSlayer the Demigod Fighter began the quest for the
                  | Orb.
     0 | D:1      | Reached XP level 1. HP: 18/18 MP: 3/3
   284 | D:1      | Reached XP level 2. HP: 24/25 MP: 4/4
   994 | D:2      | Reached XP level 3. HP: 15/31 MP: 5/5
  1672 | D:2      | Noticed an eye of devastation
  1686 | D:2      | Noticed an eye of devastation
  1686 | D:2      | Noticed an eye of devastation
  1686 | D:2      | Noticed a floating eye
  2357 | D:3      | Gained mutation: You expend magic power (3 MP) to
                  | strengthen your wands. [potion of mutation]
  2357 | D:3      | Gained mutation: You are partially covered in iridescent
                  | scales. (AC +2) [potion of mutation]
  2357 | D:3      | Gained mutation: You have large cloven feet. [potion of
                  | mutation]
  2372 | D:3      | Reached XP level 4. HP: 25/38 MP: 6/6
  2932 | D:4      | Reached XP level 5. HP: 31/45 MP: 7/7
  3186 | D:4      | Found Nefruati's Neck Hole.
  3301 | D:4      | Found a runed translucent gate.
  3301 | D:4      | Found a runed translucent gate.
  3301 | D:4      | Found a runed translucent gate.
  3306 | D:4      | Noticed PieDemon's ghost (amateur MeEE)
  3327 | D:4      | Killed PieDemon's ghost
  3334 | D:4      | Reached XP level 6. HP: 15/52 MP: 8/8
  3973 | D:5      | Entered Level 5 of the Dungeon
  4160 | D:5      | Reached XP level 7. HP: 50/60 MP: 6/9
  4680 | D:5      | Noticed Blork the orc
  5039 | D:5      | Killed Blork the orc
  5363 | D:6      | Noticed Edmund
  5410 | D:5      | Engulfed by a cloud of poison gas

Illustrated notes

Levels and vault maps discovered:
D:1:      psy_arrival_statuary, layout_loops_cross
D:2:      layout_loops_ring, hellmonk_ecumenical_altar_watching_god,
          minmay_between
D:3:      layout_rooms, fiery_altar_vehumet
D:4:      layout_loops_ring, gammafunk_ghost_necromancy,
          nicolae_shop_sticking_my_neck_out
D:5:      layout_rooms, lemuel_crystal_altar, lemuel_another_geyser,
          uniq_blork_the_orc
D:6:      layout_layer_cave, minmay_temple_entry_mini_moons, uniq_edmund

Skill      XL: |  1  2  3  4  5  6  7 |
---------------+----------------------+-----
Maces & Flails | 2 3 4 |  4.4
Fighting       | 3 4 |  4.9
Armour         | 3 4 |  4.9
Shields        | 3 4 |  4.9

Action                   |  1- 3 |  4- 6 |  7- 9 || total
-------------------------+-------+-------+-------++-------
Melee: Flail             |   138 |   130 |    78 ||   346
       Kick              |       |    29 |       ||    29
  Use: Potion            |     6 |     7 |     1 ||    14
       Scroll            |     1 |     7 |     5 ||    13
Armor: Scale mail        |    40 |       |       ||    40
       Skin              |    27 |    31 |       ||    58
       Ring mail         |    11 |    48 |    33 ||    92
Dodge: Dodged            |    48 |    41 |    41 ||   130
Block: Buckler           |    39 |    34 |    29 ||   102
